 Dungeon Crawl Stone Soup version 0.28.0-53-g5a82cb258f (webtiles) character file.

Game seed: 8506923220170706542

72 nickcage the Vexing (level 4, -1/21 HPs)
             Began as a Spriggan Enchanter on June 27, 2022.
             Slain by Crazy Yiuf
             ... wielding a +2 quarterstaff of chaos
              (19 damage)
             ... on level 3 of the Dungeon.
             The game lasted 00:06:57 (3557 turns).

nickcage the Vexing (Spriggan Enchanter)            Turns: 3557, Time: 00:07:00

Health: -1/21      AC:  5    Str:  4    XL:     4   Next: 6%
Magic:  7/9        EV: 17    Int: 16    God:
Gold:   113        SH:  0    Dex: 17    Spells: 6/8 levels left

rFire   . . .      SeeInvis +   k - +3 short sword
rCold   . . .      Faith    .   (no shield)
rNeg    . . .      Spirit   .   b - +0 robe
rPois   .          Reflect  .   (helmet restricted)
rElec   .          Harm     .   q - +2 cloak {Stlth+}
rCorr   .          Rampage  .   (gloves unavailable)
Will    .....                   (boots unavailable)
Stlth   ++++......              (no amulet)
HPRegen 0.07/turn               (no ring)
MPRegen 0.11/turn               (no ring)

@: very quick
A: very small, no large weapons, unfitting armour, see invisible, speed 3
a: no special abilities


You were on level 3 of the Dungeon.
You visited 1 branch of the dungeon, and saw 3 of its levels.

You collected 113 gold pieces.

Inventory:

Hand Weapons
 a - a +1 dagger
 k - a +3 short sword (weapon)
Missiles
 i - 2 silver boomerangs
 n - a throwing net
 o - 6 boomerangs
Armour
 b - a +0 robe (worn)
 q - a +2 cloak of stealth (worn)
Jewellery
 d - an amulet of guardian spirit
Scrolls
 p - a scroll of identify
Potions
 c - a potion of invisibility
 e - a potion of attraction {unknown}
 f - 2 potions of curing {unknown}
 g - a potion of berserk rage {unknown}
 h - 2 potions of resistance {unknown}
 j - a potion of lignification {unknown}
 l - a potion of brilliance {unknown}
 m - 3 potions of heal wounds


   Skills:
 + Level 1.2 Short Blades
 - Level 2.6 Dodging
 - Level 4.4 Stealth
 - Level 2.6 Spellcasting
 - Level 5.6 Hexes
 - Level 1.0 Ice Magic


You had 6 spell levels left.
You knew the following spells:

 Your Spells              Type           Power      Damage    Failure   Level
a - Ensorcelled Hibernat  Hex/Ice        24%        N/A       8%          2

Your spell library contained the following spells:

 Spells                   Type           Power      Damage    Failure   Level
 Confusing Touch          Hex            20%        N/A       6%          3
 Tukima's Dance           Hex            20%        N/A       6%          3
 Animate Skeleton         Necr           4%         N/A       19%         1
 Apportation              Tloc           4%         N/A       19%         1
 Pain                     Necr           8%         1d4       19%         1
 Summon Small Mammal      Summ           8%         N/A       19%         1
 Dazzling Flash           Conj/Hex       22%        N/A       19%         3
 Vampiric Draining        Necr           2%         2d6       50%         3


Dungeon Overview and Level Annotations

Branches:
Dungeon (3/15)

Altars:
Ru

Annotations:
D:3 Crazy Yiuf, Terence


Innate Abilities, Weirdness & Mutations

You are very small and have problems with some larger weapons.
You are too small for most types of armour.
You have supernaturally acute eyesight. (SInv)
You cover ground extremely quickly. (Speed+++)


Message History

The goblin shouts!
The kobold shouts!
You hit the kobold but do no damage. The kobold hits you but does no damage.
You hit the kobold.
You kill the kobold!
You hit the goblin.
The goblin is severely wounded.
The goblin hits you but does no damage.
You hit the goblin.
You kill the goblin!
No target in view!
Things that are here:
a +0 dagger; a +0 whip; a kobold corpse
Things that are here:
a +0 dagger; a +0 whip; a kobold corpse
Found a stone staircase leading down.
There is a stone staircase leading down here.
You see here a +0 ring mail.
A rat comes into view.
Found a fuming ruby potion.
You see here a fuming ruby potion.
You hit the rat.
You kill the rat!
No target in view!
f - 2 fuming ruby potions (gained 1)
You see here a rat corpse.
There is a stone staircase leading up here.
There is a stone staircase leading up here.
Found a mace.
Found a runed translucent door.
Crazy Yiuf shouts!
Crazy Yiuf whimpers, "Hack Orb Guardian snail!"
You open the door.
Crazy Yiuf looks drowsy...
There is an open translucent door here.
The helpless Crazy Yiuf fails to defend himself.
You puncture Crazy Yiuf!
Crazy Yiuf is severely wounded.
Crazy Yiuf hits you with a +2 quarterstaff of chaos.
You are electrocuted!!
Ouch! That really hurt!
You die...

#........#.##########.##.......
#.###.##.#.........#...........
#.# #.....########.#########.##
#.# ####### ### ##.#< #.# #....
#.# ♣♣♣♣♣### #.... #.# ####
♣♣♣.♣....###.... ##.###
#...#♣..♣............ #....#
#..g@.♣♣♣♣......##### ####.##
#)..#♣♣ ♣♣....## #....# ####
♣♣#### #....# ######## #..).#
#....... ###.##
##################### #.#
#.#....†............. #.#
#.#...........####### #.#
#.####..............#


You could see Crazy Yiuf.

Vanquished Creatures
  A gnoll (D:2)
  2 adders
  A dart slug (D:1)
  An orc (D:3)
  4 endoplasms
  2 giant cockroaches (D:2)
  5 goblins
  4 hobgoblins
  2 quokkas (D:3)
  2 ball pythons
  5 bats
  4 frilled lizards
  4 kobolds
  4 rats
41 creatures vanquished.

Notes
Turn   | Place    | Note
-------+----------+-------------------------------------------
     0 | D:1      | nickcage the Spriggan Enchanter began the quest for the
                  | Orb.
     0 | D:1      | Reached XP level 1. HP: 9/9 MP: 5/5
   277 | D:1      | Reached skill level 4 in Hexes
   806 | D:1      | Reached XP level 2. HP: 13/13 MP: 6/6
   809 | D:1      | Learned a level 2 spell: Ensorcelled Hibernation
  1320 | D:2      | Reached skill level 5 in Hexes
  1512 | D:2      | Reached XP level 3. HP: 16/16 MP: 5/8
  1707 | D:2      | Found a faded altar of an unknown god.
  1817 | D:2      | Found a sacrificial altar of Ru.
  2595 | D:3      | Noticed Terence
  3283 | D:3      | Reached skill level 1 in Ice Magic
  3283 | D:3      | Reached XP level 4. HP: 21/21 MP: 9/9
  3550 | D:3      | Found a runed translucent door.
  3551 | D:3      | Noticed Crazy Yiuf
  3557 | D:3      | Slain by Crazy Yiuf

Illustrated notes

Levels and vault maps discovered:
D:1:      minmay_arrival_three_doors, layout_rooms
D:2:      layout_basic, ebering_ecumenical_altar_hall, basic_altar,
          minmay_misc_feat_chi, minmay_indecisive_spiral
D:3:      layout_basic, uniq_crazy_yiuf_cottage, uniq_terence

Skill      XL: |  1  2  3 |
---------------+----------+-----
Hexes          | 4 5 |  5.6
Ice Magic      | 1 |  1.0
Short Blades   | |  1.2
Dodging        | |  2.6
Stealth        | |  4.4
Spellcasting   | |  2.6

Action                   |  1- 3 |  4- 6 || total
-------------------------+-------+-------++-------
Melee: Dagger            |    48 |       ||    48
       Punch             |     1 |       ||     1
       Short sword       |    46 |    10 ||    56
 Cast: Ensorcelled Hiber |    18 |     1 ||    19
  Use: Scroll            |     4 |       ||     4
 Stab: Sleeping          |    21 |     1 ||    22
Armor: Robe              |     5 |     3 ||     8
Dodge: Dodged            |    74 |     4 ||    78
